 Dungeon Crawl Stone Soup version 0.23.1-41-g7e51ed3 (console) character file.

Game seed: 16726435640907417442

3083 jt the Shield-Bearer (level 9, -4/61 HPs)
             Began as an Octopode Fighter on Mar 29, 2019.
             Was a Follower of Uskayaw.
             Slain by a black mamba (16 damage)
             ... on level 8 of the Dungeon.
             The game lasted 00:23:29 (9960 turns).

jt the Shield-Bearer (Octopode Fighter)             Turns: 9960, Time: 00:23:29

Health: -4/61      AC:  1    Str: 17      XL:     9   Next: 89%
Magic:  14/14      EV: 11    Int: 18      God:    Uskayaw [*.....]
Gold:   373        SH: 20    Dex: 10 (11) Spells: 8/8 levels left

rFire    . . .     SeeInvis .   a - +0 long sword
rCold    . . .     Gourm    .   v - +2 large shield
rNeg     . . .     Faith    .   (helmet restricted)
rPois    .         Spirit   .   r - +3 amulet of reflection
rElec    .         Reflect  +   x - +6 ring of intelligence
rCorr    .         Harm     .   (no ring)
MR       .....                  (no ring)
Stlth    ++........             (no ring)
HPRegen  0.20/turn              (no ring)
MPRegen  0.14/turn              (no ring)
                                (no ring)
                                (no ring)

@: no status effects
A: almost no armour, stealthy swim, amphibious, 8 rings, constrict 8, camouflage
1, gelatinous body 1
a: Stomp, Renounce Religion


You were on level 8 of the Dungeon.
You worshipped Uskayaw.
Uskayaw was noncommittal.
You were not hungry.

You visited 2 branches of the dungeon, and saw 9 of its levels.

You collected 373 gold pieces.

Inventory:

Hand Weapons
 a - a +0 long sword (weapon)
 f - a +1 dagger of venom
 k - a +3 dagger of chaos
 l - a +1 short sword of holy wrath
 q - a +2 hunting sling of freezing
 B - a +3 hunting sling of freezing
Missiles
 j - 267 stones
 n - 29 poisoned needles
 w - 5 tomahawks
 y - 6 javelins (quivered)
 C - 35 sling bullets
Armour
 b - a +2 shield
 v - a +2 large shield (worn)
Jewellery
 m - a -2 ring of strength
 p - an uncursed amulet of the acrobat
 r - a +3 amulet of reflection (around mantle)
 x - a +6 ring of intelligence (left tentacle)
Wands
 s - a wand of polymorph (22)
Scrolls
 e - 5 scrolls of amnesia
 g - 2 scrolls of remove curse
 o - 6 scrolls of identify
 u - a scroll of immolation
 D - a scroll of teleportation
Potions
 c - a potion of might
 h - a potion of magic
 t - a potion of ambrosia
 z - a potion of berserk rage
Comestibles
 d - 7 rations
 A - 5 chunks of flesh


   Skills:
 - Level 5.0 Fighting
 + Level 6.4 Long Blades
 + Level 3.9 Throwing
 - Level 5.2 Dodging
 + Level 6.9 Shields
 - Level 3.2 Unarmed Combat
 + Level 6.6 Evocations


You had 8 spell levels left.
You didn't know any spells.
Your spell library contained the following spells:

 Spells                   Type           Power        Failure   Level  Hunger
 Infusion                 Chrm           #...         92%         1    ##.....
 Shroud of Golubria       Chrm/Tloc      #.........   98%         2    ###....
 Song of Slaying          Chrm           #.......     98%         2    ###....
 Regeneration             Chrm/Necr      #.........   100%        3    ####...
 Spectral Weapon          Hex/Chrm       #.......     100%        3    ####...


Dungeon Overview and Level Annotations

Branches:
Dungeon (8/15)             Temple (1/1) D:7
   Lair: D:8-11

Altars:
Elyvilon
Gozag
Hepliaklqana
Makhleb
Qazlal
Sif Muna
Uskayaw
Vehumet
Wu Jian
Xom
Yredelemnul
Zin


Innate Abilities, Weirdness & Mutations

You cannot wear most types of armour.
You are very stealthy in the water. (Stealth+)
You are amphibious.
You can wear up to eight rings at the same time.
You can use your tentacles to constrict eight enemies at once.
Your skin changes colour to match your surroundings (Stealth+).
Your rubbery body absorbs attacks. (AC +1, EV +1)


Message History

Aim: a porcupine (moderately wounded, chance to defeat MR: 66%)
The porcupine struggles to resist.
You block the porcupine's attack. x2
Evoke which item? (* to show all) (? for menu, Esc to quit)
Aiming: Polymorph
Press: ? - help, Shift-Dir - straight line, f/p - porcupine
Aim: a porcupine (moderately wounded, chance to defeat MR: 66%)
The porcupine struggles to resist.
You block the porcupine's attack.
Evoke which item? (* to show all) (? for menu, Esc to quit)
Aiming: Polymorph
Press: ? - help, Shift-Dir - straight line, f/p - porcupine
Aim: a porcupine (moderately wounded, chance to defeat MR: 66%)
The porcupine evaporates and reforms as a black mamba!
The black mamba bites you!!
* * * LOW HITPOINT WARNING * * *
Press: ? - help, v - describe, . - travel
Here: a black mamba (moderately wounded)
The floor.
Okay, then.
You feel better. The black mamba bites you!
You die...

#..# #.... .# #..# #..#
#..###..#
######..########### .......
#.(.o(..).........## ....#
#.####.)###......... ##o.#
#.# #.รท# #.#####.#o
#...####.# #.## #.# #o#.
#...())..####.####.#####.#.
#.........@Sr..........#.#.
##.###############.###.#.#.
#. #.# #.#.#. #.
#######r###.#.#) #.
#...........o... ##
#.#######.###.## #.# #...
#.# #### #.#


You could see a black mamba and a porcupine.

Vanquished Creatures
  Joseph (D:7)
  Psyche (D:8)
  A wyvern (D:6)
  A hungry ghost (D:7)
  Menkaure (D:7)
  Duvessa (D:7)
  2 ice beasts
  3 ogres
  A phantom (D:5)
  2 centaurs
  A big kobold (D:8)
  A bullfrog (D:7)
  Dowan (D:7)
  2 scorpions
  2 quasits
  3 orc priests
  2 bullfrog skeletons
  A gnoll shaman (D:3)
  2 hounds
  2 orc wizards
  An iguana (D:6)
  5 worker ants
  Robin (D:4)
  9 adders
  3 gnolls
  2 shadow imps
  3 oozes
  4 worms
  An adder skeleton (D:4)
  A dart slug (D:3)
  7 leopard geckos
  15 orcs
  6 bats
  3 giant cockroaches
  12 goblins
  12 hobgoblins
  19 jackals
  17 kobolds
  7 quokkas
  A ball python (D:5)
  8 frilled lizards
  8 rats
176 creatures vanquished.

Vanquished Creatures (others)
  An orc warrior (D:8)
  A centaur (D:5)
  4 fungi (D:8)
6 creatures vanquished.

Grand Total: 182 creatures vanquished

Notes
Turn   | Place    | Note
-------+----------+-------------------------------------------
     0 | D:1      | jt the Octopode Fighter began the quest for the Orb.
     0 | D:1      | Reached XP level 1. HP: 16/16 MP: 1/1
    38 | D:1      | Reached XP level 2. HP: 11/21 MP: 2/2
   383 | D:1      | Reached XP level 3. HP: 13/26 MP: 3/3
  1415 | D:2      | Found a deep blue altar of Sif Muna.
  1661 | D:3      | Reached XP level 4. HP: 33/33 MP: 4/4
  1664 | D:3      | Reached skill level 1 in Unarmed Combat
  1685 | D:3      | Reached XP level 5. HP: 20/37 MP: 5/5
  3123 | D:4      | Reached skill level 1 in Evocations
  3282 | D:4      | Found a radiant altar of Vehumet.
  3305 | D:4      | Found a glowing silver altar of Zin.
  3306 | D:4      | Found a stormy altar of Qazlal.
  3306 | D:4      | Found a hide-covered altar of Uskayaw.
  3312 | D:4      | Noticed an ogre
  3316 | D:4      | Became a worshipper of Uskayaw the Reveler
  3517 | D:4      | Noticed Robin
  3526 | D:4      | Reached * piety under Uskayaw
  3527 | D:4      | Reached XP level 6. HP: 32/44 MP: 6/6
  3530 | D:4      | Reached ** piety under Uskayaw
  3533 | D:4      | Reached *** piety under Uskayaw
  3538 | D:4      | Reached **** piety under Uskayaw
  3543 | D:4      | Reached ***** piety under Uskayaw
  3544 | D:4      | Killed Robin
  4171 | D:4      | Found an opulent altar of Gozag.
  4177 | D:4      | Reached XP level 7. HP: 45/49 MP: 8/8
  4722 | D:4      | Reached skill level 5 in Fighting
  4897 | D:5      | Entered Level 5 of the Dungeon
  6022 | D:5      | Reached XP level 8. HP: 48/55 MP: 10/10
  6358 | D:5      | HP: 1/55 [centaur/arrow (13)]
  6671 | D:5      | Reached skill level 5 in Shields
  6905 | D:5      | Found a hazy altar of Hepliaklqana.
  7248 | D:6      | Found a burning altar of Makhleb.
  7314 | D:6      | Noticed a two-headed ogre
  7486 | D:6      | Noticed a wyvern
  7496 | D:6      | Reached skill level 5 in Dodging
  7568 | D:6      | Killed a wyvern
  8115 | D:7      | Noticed Joseph
  8140 | D:7      | Killed Joseph
  8140 | D:7      | Reached skill level 5 in Long Blades
  8140 | D:7      | Reached skill level 1 in Throwing
  8140 | D:7      | Reached skill level 5 in Evocations
  8140 | D:7      | Reached XP level 9. HP: 5/61 MP: 8/13
  8444 | D:7      | Found an ornate altar of the Wu Jian Council.
  8601 | D:7      | Noticed Menkaure
  8608 | D:7      | Killed Menkaure
  9143 | D:7      | Noticed Dowan
  9143 | D:7      | Noticed Duvessa
  9275 | D:7      | Killed Duvessa
  9279 | D:7      | Killed Dowan
  9290 | D:7      | Found a staircase to the Ecumenical Temple.
  9358 | Temple   | Entered the Ecumenical Temple
  9746 | D:8      | Noticed Psyche
  9751 | D:8      | Killed Psyche
  9959 | D:8      | Noticed a black mamba
  9959 | D:8      | a porcupine changed into a black mamba
  9960 | D:8      | Slain by a black mamba

Skill      XL: |  1  2  3  4  5  6  7  8  9 |
---------------+----------------------------+-----
Long Blades    | 3 5 6 |  6.4
Unarmed Combat | 1 2 3 |  3.2
Fighting       | 4 5 |  5.0
Evocations     | 1 2 3 5 6 |  6.6
Shields        | 4 5 6 |  6.9
Dodging        | 4 5 |  5.2
Throwing       | 1 3 |  3.9

Action                   |  1- 3 |  4- 6 |  7- 9 || total
-------------------------+-------+-------+-------++-------
Melee: Long sword        |    39 |       |   246 ||   285
       Constrict         |    27 |    40 |    44 ||   111
       Tentacles         |    20 |    24 |    49 ||    93
       Dagger            |    42 |   138 |     9 ||   189
       Punch             |       |     1 |     4 ||     5
       Unarmed           |       |       |    11 ||    11
Throw: Stone             |       |     4 |       ||     4
       Tomahawk          |       |       |     7 ||     7
       Javelin           |       |       |     8 ||     8
Invok: Line Pass         |       |       |     5 ||     5
       Stomp             |       |       |     1 ||     1
Evoke: Wand              |       |     2 |    11 ||    13
  Use: Potion            |     4 |     3 |     6 ||    13
       Scroll            |       |     6 |     4 ||    10
 Stab: Sleeping          |     3 |     5 |     4 ||    12
       Distracted        |     1 |       |       ||     1
       Paralysed         |       |     1 |     2 ||     3
       Confused          |       |       |     1 ||     1
  Eat: Chunk             |     2 |     6 |     9 ||    17
       Ration            |       |     1 |     4 ||     5
Armor: Skin              |     5 |     9 |     6 ||    20
Dodge: Dodged            |    37 |    62 |    74 ||   173
Block: Shield            |    28 |    59 |    53 ||   140
       Large shield      |       |       |   190 ||   190
       Reflection        |       |       |    12 ||    12
       Rpst.: Long sword |     6 |       |    24 ||    30
